 Dungeon Crawl Stone Soup version bcrawl-1.41.1 (webtiles) character file.

Game seed: 5651000743945041728

9575085 Grimmash the Eclecticist (level 21, -2/128 HPs)
             Began as a Skeleton Archaeologist on Apr 20, 2024.
             Was the Champion of Cheibriados.
             Slain by a deep elf knight
             ... wielding a +1 scimitar of holy wrath
             ... led by an ironheart preserver
              (14 damage)
             ... on level 3 of the Vaults.
             The game lasted 01:22:26 (42383 turns).

Grimmash the Eclecticist (Skeleton Archaeologist)  Turns: 42383, Time: 01:22:27

Health: -2/128     AC: 27    Str: 38      XL:     21   Next: 39%
Magic:  0/64       EV: 26    Int: 38 (39) God:    Cheibriados [******]
Gold:   2746       SH:  0    Dex: 27      Spells: 37/56 levels left

rFire    + + .     GDR:     45% w - +6 staff of Battle {slice, MP+12}
rCold    + + +     SeeInvis .   (shield currently unavailable)
rNeg     + + +     Gourm    .   U - +1 chain mail of Durable Satisfaction {MP+9 Int+3} (curse)
rPois    ∞         Faith    .   e - +1 helmet
rElec    +         Spirit   +   z - +2 cloak {rC+}
rCorr    .         Reflect  .   l - +2 pair of gloves {Str+3}
MR       ++++.     Clarity  +   h - +1 pair of boots "Myddo" {rN+ Regen+ Dex-2 Stlth+}
Stlth    ++++......             C - amulet of regeneration
HPRegen  0.71/turn              Z - ring of Weutenox {rF+ rC+ Dex+7}
MPRegen  0.39/turn              D - ring of Otreunam {rElec rF+ rC+ MR+}

@: about to teleport, very slow
A: no food or potions, cold resistance 1, deterioration 1, negative energy
resistance 3, powered by death 2, torment resistance, unbreathing, magic shield,
sturdy frame 3, spell healing
}: 2/15 runes: barnacled, gossamer
a: Bend Time, Defer, Temporal Distortion, Step From Time, Renounce Religion


You were on level 3 of the Vaults.
You worshipped Cheibriados.
Cheibriados was exalted by your worship.
You were not hungry.

You visited 8 branches of the dungeon, and saw 32 of its levels.
You also visited: Ossuary and Ice Cave.

You collected 6095 gold pieces.
You spent 3349 gold pieces at shops.

Inventory:

Hand Weapons
 a - the +9 staff of Wucad Mu {crush, +Abjure *Drain MP+20}
   (You acquired it on level 3 of the Dungeon)

   It will always inflict at least some extra damage.
   This minimum extra damage increases with your current reserve of magical
   power.
   It affects your magic capacity (+20).
   It causes draining when unequipped.
 b - a +0 blowgun
 w - the +6 staff of Battle (weapon) {slice, MP+12}
   (You took it off a deep elf demonologist on level 3 of the Elven Halls)

   It will always inflict at least some extra damage.
   This minimum extra damage increases with your current reserve of magical
   power.
   It affects your magic capacity (+12).
 R - a +4 demon trident of freezing
Missiles
 f - 27 curare-tipped needles
 N - 261 poisoned tomahawks
 Q - 918 javelins (quivered)
 V - 310 javelins of penetration {=f}
Armour
 e - a +1 helmet (worn)
 h - the +1 pair of boots "Myddo" (worn) {rN+ Regen+ Dex-2 Stlth+}
   (You acquired it on level 6 of the Lair of Beasts)

   It affects your dexterity (-2).
   It protects you from negative energy.
   It increases your rate of regeneration.
   It makes you more stealthy.
 l - a +2 pair of gloves of strength (worn)
 m - a +0 buckler of reflection
 n - the +3 medium shield "Quzui" {*Corrode rElec Int+2 Stlth+}
   (You took it off Donald on level 2 of the Spider Nest)

   It affects your intelligence (+2).
   It insulates you from electricity.
   It may corrode you when you take damage.
   It makes you more stealthy.
 y - the +7 chain mail of Yfust {*Drain rF+ Slay+5 SInv}
   (You found it on level 3 of the Elven Halls)

   It affects your accuracy and damage with ranged weapons and melee attacks
   (+5).
   It protects you from fire.
   It lets you see invisible.
   It causes draining when unequipped.
 z - a +2 cloak of cold resistance (worn)
 B - a +0 large shield
 U - the cursed +1 chain mail of Durable Satisfaction (worn) {MP+9 Int+3}
   (You bought it in a shop in the Orcish Mines)

   It affects your intelligence (+3).
   It affects your magic capacity (+9).
   It has a curse placed upon it.
Jewellery
 C - an amulet of regeneration (around neck)
 D - the ring of Otreunam (right hand) {rElec rF+ rC+ MR+}
   (You acquired it on level 6 of the Dungeon)

   [ring of protection from cold]

   It protects you from fire.
   It protects you from cold.
   It insulates you from electricity.
   It affects your resistance to hostile enchantments.
 L - an uncursed ring of protection from fire
 T - an uncursed ring of protection from cold
 W - an uncursed ring of resist corrosion
 Y - the ring of Fuyprog {Int+5 Dex+2 Slay+3 SInv}
   (You took it off a deep elf mage on level 3 of the Elven Halls)

   [ring of intelligence]

   It affects your intelligence (+5).
   It affects your dexterity (+2).
   It affects your accuracy and damage with ranged weapons and melee attacks
   (+3).
   It lets you see invisible.
 Z - the ring of Weutenox (left hand) {rF+ rC+ Dex+7}
   (You bought it in a shop in the Orcish Mines)

   [ring of dexterity]

   It affects your dexterity (+7).
   It protects you from fire.
   It protects you from cold.
Wands
 c - a wand of paralysis (22)
 x - a wand of polymorph (15)
 E - a wand of charming (18)
 F - a wand of flame (50)
 G - a wand of random effects (15)
 H - a wand of clouds (4)
 P - a wand of iceblast (30)
 X - a wand of acid (22)
Scrolls
 g - 8 scrolls of revelation
 k - 4 scrolls of fog
 o - 3 scrolls of enchant armour
 p - 11 scrolls of teleportation
 r - 9 scrolls of remove curse
 s - a scroll of blinking
 t - 5 scrolls of enchant weapon
 u - a scroll of summoning
 v - 4 scrolls of immolation
 A - a scroll of fear
 I - 2 scrolls of brand weapon
 J - 2 scrolls of silence
 M - 8 scrolls of amnesia
 S - a scroll of torment
Miscellaneous
 d - a lamp of fire
 i - a sack of spiders
 j - a sack of spiders
 q - a lightning rod (4/4)
 O - a phial of floods (inert)


   Skills:
 * Level 12.7 Fighting
   Level 2.0 Long Blades
   Level 1.8(9.9) Maces & Flails
 + Level 9.2(12.9) Polearms
 * Level 14.5(15.4) Staves
 + Level 0.6 Throwing
 * Level 15.1 Armour
 * Level 12.3 Dodging
 + Level 5.2 Stealth
 * Level 14.3 Shields
 * Level 18.3 Spellcasting
 * Level 14.6 Conjurations
 + Level 8.3 Necromancy
 * Level 10.0 Fire Magic
 * Level 9.8 Invocations
 * Level 10.5 Evocations


You had 37 spell levels left.
You knew the following spells:

 Your Spells              Type           Power        Failure   Level  Hunger
a - Iskenderun's Mystic   Conj           #######.     0%          3    N/A
b - Fireball              Conj/Fire      #######...   1%          5    N/A
c - Magic Dart            Conj           ####         0%          1    N/A
d - Searing Ray           Conj           #######.     0%          2    N/A
x - Bolt of Draining      Conj/Necr      #######...   1%          5    N/A
z - Vampiric Draining     Necr           #######...   1%          3    N/A

Your spell library contained the following spells:

 Spells                   Type           Power        Failure   Level  Hunger
 Flame Tongue             Conj/Fire      #####        0%          1    N/A
 Corona                   Hex            ####...      1%          1    N/A
 Infusion                 Chrm           ####....     1%          1    N/A
 Necrotize                Necr           ######       1%          1    N/A
 Sandblast                Erth           ####..       1%          1    N/A
 Slow                     Hex            ####....     1%          1    N/A
 Summon Butterflies       Summ           ####....     1%          1    N/A
 Blink                    Tloc           N/A          1%          2    N/A
 Call Imp                 Summ           ####..       1%          2    N/A
 Corpse Rot               Necr           N/A          1%          2    N/A
 Ensorcelled Hibernation  Hex/Ice        ####..       1%          2    N/A
 Shackle                  Hex            ####....     1%          2    N/A
 Song of Slaying          Chrm           ####....     1%          2    N/A
 Swiftness                Chrm/Air       ####....     1%          2    N/A
 Conjure Flame            Conj/Fire      #######.     1%          3    N/A
 Dazzling Orbs            Conj/Hex       ######.      1%          3    N/A
 Inner Flame              Hex/Fire       N/A          1%          3    N/A
 Mephitic Cloud           Conj/Pois/Air  ######..     1%          3    N/A
 Stone Arrow              Conj/Erth      ######       1%          3    N/A
 Agony                    Necr           #######.     1%          4    N/A
 Animate Dead             Necr           N/A          1%          4    N/A
 Fulminant Prism          Conj/Hex       ######....   1%          4    N/A
 Dispel Undead            Necr           #######.     1%          5    N/A
 Irradiate                Conj/Tmut      ######....   1%          5    N/A
 Confuse                  Hex            ####....     3%          3    N/A
 False Image              Hex/Summ       ####....     3%          3    N/A
 Ozocubu's Armour         Chrm/Ice       ####....     3%          3    N/A
 Recall                   Summ/Tloc      N/A          3%          3    N/A
 Spectral Weapon          Hex/Chrm       ####....     3%          3    N/A
 Tukima's Dance           Hex            ####....     3%          3    N/A
 Cause Fear               Hex            ####......   12%         4    N/A
 Petrify                  Tmut/Erth      ####......   12%         4    N/A
 Yara's Violent Unravell  Hex/Tmut       ####......   12%         4    N/A
 Summon Forest            Summ/Tloc      ####......   32%         5    N/A
 Borgnjor's Vile Clutch   Necr/Erth      ######....   32%         6    N/A
 Death Channel            Chrm/Necr      ######....   32%         6    N/A
 Simulacrum               Ice/Necr       ######..     32%         6    N/A
 Summon Fire Elementals   Fire/Summ      ######...    77%         7    N/A
 Blight                   Necr/Pois      ######...    87%         7    N/A
 Aura of Abjuration       Summ           ####......   88%         6    N/A
 Sublimation of Blood     Necr           Unusable     N/A         2    N/A
 Regeneration             Chrm/Necr      Unusable     N/A         3    N/A
 Spider Form              Tmut/Pois      Unusable     N/A         3    N/A
 Tree Form                Hex/Tmut       Unusable     N/A         4    N/A
 Statue Form              Tmut/Erth      Unusable     N/A         6    N/A
 Dragon Form              Tmut           Unusable     N/A         7    N/A
 Necromutation            Tmut/Necr      Unusable     N/A         8    N/A

Dungeon Overview and Level Annotations

Branches:
Dungeon (12/12)            Temple (1/1) D:7            Lair (6/6) D:8
 Shoals (3/3) Lair:3       Spider (3/3) Lair:2        Slime (0/5) Orc
    Orc (1/1) D:11            Elf (3/3) Lair:5       Vaults (3/3) D:12
  Crypt (0/2) Vaults:2     Depths (0/5) D:12

Altars:
Ashenzari
Cheibriados
Gozag
Hepliaklqana
Kikubaaqudgha
Lugonu
Makhleb
Nemelex Xobeh
Okawaru
Qazlal
Ru
Sif Muna
Trog
Uskayaw
Vehumet
Xom
Yredelemnul
Jiyva

Shops:
D:4 [   D:5 }%=*%   D:7 }   Orc [!=*(   Elf:2 :   Vaults:2 (

Portals:
Abyss: Spider:3
Trove: D:10 (give +2 gold dragon scales)

Annotations:
D:3 2 transporters, tronn's ghost, weakling OpAc
D:8 2 transporters, Cris's ghost, novice EnFi
Elf:2 3 runed doors


Innate Abilities, Weirdness & Mutations

You do not eat or drink.
You are immune to poison.
Your flesh is cold resistant. (rC+)
Your body sometimes deteriorates upon taking damage.
You are immune to negative energy. (rN+++)
You regenerate health from kills.
You are immune to unholy pain and torment.
You can survive without breathing.
When hurt, damage is shared between your health and your magic reserves.
Your movements are significantly less encumbered by armour. (ER -6)
Casting spells heals you.


Message History

No path to travel!
No path to travel!
No path to travel!
No path to travel!
No path to travel!
As you read the scroll of teleportation, it crumbles to dust.
You feel strangely unstable.
The deep elf knight hits you with a +0 short sword.
* * * LOW HITPOINT WARNING * * *
The Brimstone Fiend hits you!
* * * LOW HITPOINT WARNING * * *
Your body deteriorates!
You feel dopey. The Brimstone Fiend closely misses you.
The Brimstone Fiend hits you but does no damage.
The ironheart preserver hits you but does no damage.
The rakshasa gestures at you. The orb of energy misses you.
The orb of energy misses the deep elf knight.
The deep elf knight hits you with a +1 scimitar of holy wrath!
You die...

...#)...# ...#....# .##
#Z.#....# ..# #..#....#
.... .. #..#....# .....
.... #..#.e..# #.....
...[.#####.e#.e..##......
.........)CR#1...#(..#
........[))e@p)[.)).#
###########(.e[[)..####
.....[[<<()......
......[<)[<.......
........[<<.(.......
.............)......
######..[......#.##.
...............
###.#...........


You could see an ironheart preserver, a Brimstone Fiend, an ettin, a rakshasa, a
deep elf sorcerer, a deep elf demonologist, a deep elf archer, 2 deep elf
knights, an ettin skeleton and a friendly spectral +6 staff of Battle {slice,
MP+12}.

Vanquished Creatures
  Arachne (Spider:2)
  Nikola (Shoals:1)
  An Ice Fiend (IceCv)
  A lich (Vaults:3)
  A tentacled monstrosity (Vaults:3)
  Asterion (Elf:2)
  2 deep elf master archers (Elf:3)
  2 deep elf blademasters (Elf:3)
  A titan (Vaults:2)
  2 quicksilver dragons
  2 storm dragons (Vaults:3)
  Donald (Spider:2)
  A tengu reaver (Vaults:3)
  Kirke (Spider:2)
  Roxanne (Elf:2)
  2 frost giants
  2 orc warlords
  Louise (Elf:3)
  A war gargoyle (Vaults:2)
  3 fire giants (Vaults:3)
  4 deep elf sorcerers (Elf:3)
  6 vault wardens
  3 ghost moths (Spider:3)
  3 ironheart preservers (Vaults:1)
  4 emperor scorpions (Spider:3)
  2 deep elf elementalists (Elf:3)
  5 stone giants
  A jiangshi (Vaults:2)
  8 very ugly things (Vaults:1)
  6 deep elf demonologists
  6 entropy weavers
  10 dire elephants
  2 spark wasps
  8 deep elf annihilators
  2 deep elf death magi
  An eidolon (Vaults:2)
  5 merfolk javelineers
  A crystal guardian (Vaults:3)
  4 ettins
  A deep elf high priest (Elf:3)
  7 merfolk impalers
  Urug (Lair:6)
  2 fire dragons
  3 mutant beasts (D:12)
  5 yaktaur captains
  Azrael (Spider:2)
  A rakshasa (Vaults:1)
  A catoblepas (Lair:6)
  3 ice dragons
  9 hydras
  12 vault guards
  2 alligator snapping turtles (Shoals:3)
  2 shadow wraiths (Vaults:2)
  2 great orbs of eyes (Vaults:1)
  3 merfolk avatars (Shoals:2)
  4 ogre magi
  15 two-headed ogres
  4 merfolk aquamancers
  A death knight (Vaults:1)
  9 dancing weapons
  Sonja (Lair:6)
  4 tengu warriors
  5 death yaks (Lair:6)
  A deep troll shaman (Vaults:1)
  8 sea snakes
  15 deep elf knights
  3 deep trolls
  4 ironheart beastmasters
  21 centaur warriors
  A goliath frog (shapeshifter) (Vaults:1)
  2 fire crabs (shapeshifter)
  A fire crab (Lair:6)
  4 orange crystal statues
  14 deep elf archers
  4 cyclopes
  4 phantasmal warriors (Vaults:3)
  A wolf spider zombie (D:12)
  20 harpies
  13 ironheart convokers
  2 large abominations (Elf:1)
  14 orb spiders
  6 necromancers
  An orc knight (D:11)
  51 deep elf magi
  25 ugly things
  3 oklob plants
  8 wizards
  28 wolf spiders
  A frost giant zombie (Vaults:3)
  11 fauns
  12 manticores
  A human skeleton (Vaults:3)
  11 water nymphs
  8 black mambas
  8 merfolk sirens
  3 orange demons (D:12)
  5 vault sentinels
  19 elephants
  2 stone giant skeletons (Vaults:3)
  2 torpor snails
  2 gargoyles
  22 jumping spiders
  4 anaconda simulacra (IceCv)
  A rime drake (Lair:5)
  10 cane toads
  A dryad (D:8)
  An efreet (D:9)
  5 ice devils (IceCv)
  8 freezing wraiths
  5 komodo dragons
  18 yaktaurs
  A golden dragon simulacrum (IceCv)
  An eye of draining (D:11)
  10 demonic crawlers
  A tengu conjurer (D:11)
  2 wolf spider simulacra
  24 merfolk
  8 polar bears
  3 meliai (D:12)
  15 hornets
  3 trolls (Orc)
  A blink frog (shapeshifter) (Elf:1)
  2 wind drakes
  A hornet (shapeshifter) (Vaults:1)
  14 blink frogs
  5 dream sheep
  12 hippogriffs
  9 slime creatures
  A harpy skeleton (D:7)
  A raiju (shapeshifter) (D:11)
  7 snapping turtles
  14 spriggans
  An ettin zombie (Vaults:3)
  A shadow (Vaults:2)
  2 dire elephant simulacra (IceCv)
  19 tarantellas
  An air elemental (Elf:3)
  An ettin skeleton (Vaults:3)
  A wyvern (Lair:4)
  A vampire (D:11)
  7 fire elementals
  12 water elementals
  5 wraiths
  59 yaks
  4 basilisks
  A human (Spider:2)
  A steam dragon (Lair:5)
  3 hungry ghosts
  37 redbacks
  3 vampire mosquitoes (D:10)
  2 wargs
  4 iron troll simulacra (IceCv)
  2 death yak simulacra (IceCv)
  Edmund (D:5)
  2 acid dragons
  2 hell hounds (Spider:2)
  7 porcupines
  6 crocodiles
  9 water moccasins
  2 hydra simulacra (IceCv)
  2 swamp drakes (Lair:6)
  A black bear (shapeshifter) (Vaults:1)
  3 ice beasts
  A sky beast (shapeshifter) (Vaults:2)
  11 orc warriors
  A phantom (D:7)
  3 sky beasts
  3 ettin simulacra
  5 boggarts
  6 black bears
  A necrophage (D:12)
  19 wolves
  38 ogres
  A kobold brigand (D:8)
  9 bullfrogs
  3 elf zombies (Elf:1)
  An earth elemental (Elf:1)
  8 centaurs
  6 scorpions
  2 human simulacra
  A statue (D:8)
  11 orc priests
  8 howler monkeys
  6 electric eels
  7 crimson imps
  4 draconian simulacra (IceCv)
  6 hounds
  7 jellies
  16 orc wizards
  A bullfrog skeleton (D:5)
  7 iguanas
  Ijyb (D:4)
  Natasha (thrice) (D:4)
  10 worker ants
  2 spriggan simulacra (IceCv)
  A polar bear simulacrum (IceCv)
  2 troll simulacra (IceCv)
  2 killer bee zombies (D:6)
  A wolf simulacrum (IceCv)
  A hound skeleton (D:5)
  A mummy (Ossuary)
  A howler monkey zombie (D:9)
  6 gnolls
  A howler monkey skeleton (D:8)
  10 adders
  A naga simulacrum (IceCv)
  An ogre simulacrum (IceCv)
  3 shadow imps
  7 white imps
  4 ufetubi (IceCv)
  A centaur simulacrum (IceCv)
  An adder zombie (D:8)
  6 worms
  A dart slug (D:1)
  8 leopard geckos
  82 orcs
  5 bats
  A giant cockroach (D:2)
  3 goblins
  7 hobgoblins
  6 jackals
  2 quokkas
  3 ball pythons
  2 frilled lizards
  4 gnoll skeletons (Ossuary)
  12 kobolds
  6 kobold skeletons (Ossuary)
  15 orc skeletons (Ossuary)
  6 rats
  A bush (Lair:4)
  A lurking horror (Spider:3)
  7 plants
  A snaplasher vine (D:8)
1389 creatures vanquished.

Vanquished Creatures (collateral kills)
  A deep elf elementalist (Elf:3)
  An ettin (Vaults:3)
  A hydra (Lair:3)
  An ogre mage (Orc)
  2 dancing weapons (Elf:2)
  2 deep trolls (Vaults:1)
  An ironheart convoker (Vaults:3)
  A water elemental (Lair:3)
  A yak (Lair:6)
  2 orc warriors (Orc)
  2 wolves (Lair:6)
15 creatures vanquished.

Vanquished Creatures (others)
  2 deep elf master archers (Elf:3)
  A deep elf elementalist (Elf:3)
  A merfolk javelineer (Shoals:2)
  14 vault guards (Vaults:3)
  A merfolk aquamancer (Shoals:1)
  A deep elf archer (Elf:2)
  A deep elf mage (Elf:2)
  A faun (Shoals:1)
  3 humans (Spider:2)
  A redback (Spider:3)
  A wolf (Lair:5)
  An elf zombie (Elf:1)
  3 centaurs
  25 fungi
  34 plants
  38 spectral weapons
128 creatures vanquished.

Grand Total: 1532 creatures vanquished

Notes
Turn   | Place    | Note
-------+----------+-------------------------------------------
     0 | D:1      | Grimmash the Skeleton Archaeologist began the quest for the
                  | Orb.
     0 | D:1      | Reached XP level 1. HP: 12/12 MP: 1/1
   202 | D:1      | Reached XP level 2. HP: 16/16 MP: 2/2
   937 | D:2      | Found a glowing silver altar of Zin.
   943 | D:2      | Reached skill level 1 in Armour
  1029 | D:2      | Reached skill level 1 in Spellcasting
  1035 | D:2      | Reached XP level 3. HP: 13/20 MP: 2/4
  1192 | D:2      | Found a white marble altar of Elyvilon.
  1272 | D:2      | Reached skill level 1 in Long Blades
  1670 | D:3      | Reached XP level 4. HP: 26/26 MP: 5/5
  1697 | D:3      | Found a transporter.
  1703 | D:3      | Found a transporter.
  1703 | D:3      | Noticed tronn's ghost (weakling OpAc)
  1960 | D:3      | Noticed a sky beast
  2024 | D:3      | Killed a sky beast
  2025 | D:3      | Reached skill level 1 in Shields
  2025 | D:3      | Reached skill level 1 in Evocations
  2025 | D:3      | Reached XP level 5. HP: 17/32 MP: 3/7
  2025 | D:3      | Identified a scroll of acquirement
  2025 | D:3      | Identified the +2 arbalest of Crusades {penet, MR+++ Int-2}
                  | (You acquired it on level 3 of the Dungeon)
  2025 | D:3      | Identified the ring of Tishun {MR+ Int+4} (You acquired it
                  | on level 3 of the Dungeon)
  2026 | D:3      | Found the +9 staff of Wucad Mu {crush, +Abjure *Drain
                  | MP+20}
  2289 | D:3      | Reached skill level 2 in Spellcasting
  2712 | D:4      | Found a sand-covered staircase.
  2721 | Ossuary  | Entered an ossuary
  2721 | Ossuary  | Noticed a wraith
  2721 | Ossuary  | Noticed a wraith
  2721 | Ossuary  | Noticed a wraith
  2804 | Ossuary  | Noticed a wraith
  2827 | Ossuary  | Killed a wraith
  2828 | Ossuary  | Reached skill level 1 in Staves
  2828 | Ossuary  | Gained mutation: You regenerate a little health from kills.
                  | [Skeleton growth]
  2828 | Ossuary  | Reached XP level 6. HP: 7/38 MP: 9/9
  3098 | D:4      | Noticed Natasha
  3107 | D:4      | Killed Natasha
  3108 | D:4      | Reached XP level 7. HP: 42/42 MP: 10/10
  3185 | D:4      | Noticed Ijyb
  3196 | D:4      | Killed Ijyb
  3221 | D:4      | Noticed Natasha
  3229 | D:4      | Killed Natasha
  3256 | D:4      | Found Ifutylio's Armour Emporium.
  3271 | D:4      | Bought a +2 cloak of poison resistance for 222 gold pieces
  3378 | D:4      | Noticed Natasha
  3383 | D:4      | Killed Natasha
  3482 | D:5      | Entered Level 5 of the Dungeon
  3485 | D:5      | Noticed Edmund
  3496 | D:5      | Killed Edmund
  3500 | D:5      | Reached skill level 3 in Spellcasting
  3582 | D:5      | Found Joriogif's Gadget Shoppe.
  3593 | D:5      | Found Awkef's Assorted Antiques.
  3606 | D:5      | Found Cidduall's Food Emporium.
  3692 | D:5      | Found Opivvuu's Food Shop.
  3697 | D:5      | Reached XP level 8. HP: 45/48 MP: 12/12
  3862 | D:5      | Found Coargh's Jewellery Boutique.
  3919 | D:5      | Found a shimmering altar of Xom.
  4342 | D:6      | Reached skill level 5 in Armour
  4452 | D:6      | Reached skill level 5 in Staves
  4580 | D:6      | Identified the +1 pair of gloves of Foolhardiness {rN+}
                  | (You acquired it on level 6 of the Dungeon)
  4580 | D:6      | Identified the ring of Otreunam {rElec rF+ rC+ MR+} (You
                  | acquired it on level 6 of the Dungeon)
  4605 | D:6      | Found a sacrificial altar of Ru.
  4605 | D:6      | Found a sparkling altar of Nemelex Xobeh.
  4705 | D:6      | Reached skill level 5 in Dodging
  4705 | D:6      | Reached skill level 4 in Spellcasting
  4705 | D:6      | Reached XP level 9. HP: 32/52 MP: 15/15
  5271 | D:7      | Found Jajoesy's Gadget Shoppe.
  5467 | D:7      | Found a staircase to the Ecumenical Temple.
  5502 | Temple   | Entered the Ecumenical Temple
  5767 | Temple   | Became a worshipper of Cheibriados the Contemplative
  5948 | D:7      | Reached skill level 5 in Fighting
  6115 | D:8      | Noticed a moth of wrath
  6147 | D:8      | Found an opulent altar of Gozag.
  6223 | D:8      | Reached skill level 1 in Invocations
  6312 | D:8      | Reached skill level 5 in Spellcasting
  6359 | D:8      | Found a transporter.
  6364 | D:8      | Found a bloodstained altar of Trog.
  6366 | D:8      | Noticed Cris's ghost (novice EnFi)
  6376 | D:8      | Found a transporter.
  6475 | D:8      | Reached * piety under Cheibriados
  6494 | D:8      | Found a staircase to the Lair.
  6494 | D:8      | Noticed an elephant
  6502 | D:8      | Gained mutation: Your movements are less encumbered by
                  | armour. (ER -4) [Skeleton growth]
  6502 | D:8      | Reached XP level 10. HP: 53/59 MP: 17/17
  6519 | D:8      | Killed an elephant
  7194 | Lair:1   | Entered Level 1 of the Lair of Beasts
  7227 | Lair:1   | Reached skill level 5 in Shields
  7362 | Lair:1   | Noticed a cane toad
  7378 | Lair:1   | Killed a cane toad
  7548 | Lair:1   | Noticed a four-headed hydra
  7563 | Lair:1   | Killed a four-headed hydra
  7564 | Lair:1   | Reached skill level 6 in Spellcasting
  7663 | Lair:1   | Reached ** piety under Cheibriados
  7673 | Lair:1   | Reached XP level 11. HP: 36/64 MP: 20/20
  8651 | D:5      | Bought a wand of clouds (6) for 252 gold pieces
  8808 | D:9      | Noticed a necromancer
  8815 | D:9      | Killed a necromancer
  8857 | D:9      | Learned a level 3 spell: Vampiric Draining
  8983 | D:9      | Reached *** piety under Cheibriados
  9215 | D:9      | Found a blossoming altar of Fedhas.
  9333 | D:9      | Found a stormy altar of Qazlal.
  9619 | D:10     | Entered Level 10 of the Dungeon
  9619 | D:10     | Noticed a tengu warrior
  9631 | D:9      | Killed a tengu warrior
  9632 | D:9      | Reached skill level 1 in Necromancy
  9747 | D:10     | Reached skill level 7 in Spellcasting
  9754 | D:10     | Reached skill level 10 in Staves
  9790 | D:10     | Noticed a four-headed hydra
  9800 | D:10     | Killed a four-headed hydra
  9801 | D:10     | Reached skill level 5 in Evocations
  9904 | D:10     | Reached **** piety under Cheibriados
 10078 | D:10     | Found a portal to a secret trove of treasure.
 10170 | D:10     | Reached skill level 10 in Armour
 10170 | D:10     | Reached XP level 12. HP: 71/71 MP: 23/23
 10721 | Lair:2   | Noticed a six-headed hydra
 10923 | D:5      | Bought a phial of floods for 480 gold pieces
 11054 | Lair:2   | Killed a six-headed hydra
 11240 | Lair:2   | Learned a level 1 spell: Magic Dart
 11243 | Lair:2   | Learned a level 2 spell: Searing Ray
 11247 | Lair:2   | Learned a level 3 spell: Iskenderun's Mystic Blast
 11292 | Lair:2   | Reached ***** piety under Cheibriados
 11412 | Lair:2   | Found a hole to the Spider Nest.
 11895 | Lair:2   | Reached skill level 1 in Conjurations
 12317 | Lair:3   | Noticed a five-headed hydra
 12331 | Lair:3   | Killed a five-headed hydra
 12333 | Lair:3   | Reached skill level 8 in Spellcasting
 12372 | Lair:3   | Noticed a four-headed hydra
 12381 | Lair:3   | Killed a four-headed hydra
 13148 | Lair:4   | Noticed a seven-headed hydra
 13157 | Lair:4   | Killed a seven-headed hydra
 13260 | Lair:4   | Noticed a seven-headed hydra
 13271 | Lair:4   | Killed a seven-headed hydra
 13355 | Lair:4   | Reached XP level 13. HP: 65/76 MP: 23/25
 13384 | Lair:4   | Identified the Catalogue of Scorching Earth
 13395 | Lair:4   | Learned a level 5 spell: Fireball
 13617 | Lair:4   | Identified the +6 lajatang "Renis" {flame, rF++ rN+ MP-9}
                  | (You acquired it on level 4 of the Lair of Beasts)
 14400 | Lair:5   | Found a staircase to the Elven Halls.
 14581 | Lair:5   | Reached skill level 1 in Fire Magic
 14772 | Lair:5   | Reached skill level 5 in Invocations
 15035 | Lair:5   | Reached skill level 9 in Spellcasting
 15538 | Lair:6   | Entered Level 6 of the Lair of Beasts
 15543 | Lair:6   | Noticed Sonja
 15560 | Lair:5   | Reached ****** piety under Cheibriados
 15580 | Lair:6   | Killed Sonja
 16197 | Lair:6   | Reached skill level 5 in Necromancy
 16651 | Lair:6   | Reached skill level 10 in Spellcasting
 16893 | Lair:6   | Reached XP level 14. HP: 84/84 MP: 28/28
 16946 | Lair:6   | Reached skill level 5 in Conjurations
 17001 | Lair:6   | Noticed Urug
 17181 | Lair:6   | Killed Urug
 17310 | Lair:6   | Identified the +3 lajatang of Iptyfon {slice, *Contam rC+
                  | MR+} (You acquired it on level 6 of the Lair of Beasts)
 17310 | Lair:6   | Identified the +1 pair of boots "Myddo" {rN+ Regen+ Dex-2
                  | Stlth+} (You acquired it on level 6 of the Lair of Beasts)
 17310 | Lair:6   | Identified the ring "Otihimoen" {+Inv rN+ AC+4 Int+5 Dex-3}
                  | (You acquired it on level 6 of the Lair of Beasts)
 17855 | Lair:6   | Reached skill level 10 in Shields
 18222 | Lair:6   | Reached skill level 1 in Polearms
 18635 | D:7      | Bought a lamp of fire for 440 gold pieces
 18706 | D:5      | Bought a lightning rod (4/4) for 480 gold pieces
 19770 | D:11     | Found a staircase to the Orcish Mines.
 19811 | D:12     | Entered Level 12 of the Dungeon
 19846 | D:12     | Found a runed translucent door.
 19849 | D:12     | Found a gate to the Vaults.
 19888 | D:12     | Reached skill level 11 in Spellcasting
 20652 | D:12     | Found a staircase to the Depths.
 20959 | Orc      | Entered the Orcish Mines
 21076 | Orc      | Found a staircase to the Slime Pits.
 21076 | Orc      | Found a viscous altar of Jiyva.
 21078 | Orc      | Found Seumux's Weapon Emporium.
 21092 | Orc      | Reached XP level 15. HP: 89/89 MP: 29/30
 21610 | Orc      | Found a burning altar of Makhleb.
 21646 | Orc      | Noticed an orc warlord
 21657 | Orc      | Killed an orc warlord
 21677 | Orc      | Reached skill level 12 in Spellcasting
 21982 | Orc      | Found Uxydus's General Store.
 21982 | Orc      | Found Zenihaxae's Jewellery Emporium.
 21983 | Orc      | Found Huischok's Distillery.
 21983 | Orc      | Found Adgherghoa's Armour Boutique.
 21992 | Orc      | Bought the cursed +1 chain mail of Durable Satisfaction
                  | {MP+9 Int+3} for 580 gold pieces
 22500 | Spider:1 | Entered Level 1 of the Spider Nest
 24018 | Spider:2 | Reached skill level 5 in Fire Magic
 24094 | Spider:2 | Noticed Arachne
 24105 | Spider:2 | Killed Arachne
 24111 | Spider:2 | Identified the +3 medium shield "Quzui" {*Corrode rElec
                  | Int+2 Stlth+}
 24111 | Spider:2 | Noticed Donald
 24122 | Spider:2 | Killed Donald
 24175 | Spider:2 | Noticed Kirke
 24185 | Spider:2 | Killed Kirke
 24186 | Spider:2 | Reached skill level 13 in Spellcasting
 24186 | Spider:2 | Gained mutation: You regenerate health from kills.
                  | [Skeleton growth]
 24186 | Spider:2 | Reached XP level 16. HP: 96/96 MP: 33/33
 24711 | Spider:2 | HP: 4/96 [redback[an orange crystal statue] (10)]
 24928 | Spider:2 | Noticed Azrael
 24937 | Spider:2 | Killed Azrael
 24942 | Spider:2 | Reached skill level 5 in Polearms
 25364 | Spider:3 | Entered Level 3 of the Spider Nest
 25864 | Shoals:1 | Entered Level 1 of the Shoals
 26176 | Shoals:1 | Noticed Nikola
 26189 | Shoals:1 | Killed Nikola
 26636 | Shoals:1 | Reached skill level 10 in Dodging
 27180 | Shoals:2 | Reached skill level 14 in Spellcasting
 27503 | Shoals:2 | Reached skill level 10 in Fighting
 27628 | Shoals:2 | Reached XP level 17. HP: 102/102 MP: 35/35
 27632 | Shoals:2 | Reached skill level 10 in Conjurations
 28214 | Shoals:3 | Entered Level 3 of the Shoals
 28605 | Shoals:3 | Got a polished falchion
 28791 | Shoals:3 | Got a barnacled rune of Zot
 30072 | Orc      | Bought the ring of Weutenox {rF+ rC+ Dex+7} for 895 gold
                  | pieces
 30331 | Elf:1    | Entered Level 1 of the Elven Halls
 30564 | Elf:1    | Reached skill level 15 in Spellcasting
 31264 | Elf:1    | Identified Nikk's Tome of Evil
 31546 | Elf:2    | Found an ancient bone altar of Kikubaaqudgha.
 31546 | Elf:2    | Found Yvuturoh's Book Emporium.
 31814 | Elf:2    | Noticed Asterion
 31837 | Elf:2    | Killed Asterion
 31849 | Elf:2    | Reached XP level 18. HP: 62/108 MP: 6/37
 32030 | Elf:2    | Found a runed gate.
 32031 | Elf:2    | Found a runed gate.
 32031 | Elf:2    | Found a runed gate.
 32132 | Elf:2    | Noticed Roxanne
 32148 | Elf:2    | Killed Roxanne
 32527 | Elf:3    | Entered Level 3 of the Elven Halls
 32547 | Elf:3    | Found a frozen archway.
 32560 | IceCv    | Entered an ice cave
 33064 | IceCv    | Noticed an Ice Fiend
 33079 | IceCv    | Killed an Ice Fiend
 33184 | IceCv    | Identified the +2 pair of boots "Gopsepib" {Dex+2}
 33748 | Elf:3    | Reached skill level 16 in Spellcasting
 34166 | Elf:3    | Noticed Louise
 34189 | Elf:3    | Killed Louise
 34263 | Elf:3    | Identified the +8 scimitar of the Dancing Messenger {slice,
                  | rF+}
 34326 | Elf:3    | Identified the ring of Xuafilos {MR+ Int+4 Slay+3}
 34339 | Elf:3    | Noticed an Ice Fiend
 34343 | Elf:3    | Noticed an Ice Fiend
 34350 | Elf:3    | Identified the +7 chain mail of Yfust {*Drain rF+ Slay+5
                  | SInv}
 34362 | Elf:3    | Noticed an Ice Fiend
 34542 | Elf:3    | Identified the +11 great mace of Orin {protect, +Blink
                  | Dex+3}
 34542 | Elf:3    | Identified the ring of the Traitor {rF+ rC+ Dex+2}
 34560 | Elf:3    | Noticed a Hell Sentinel
 34691 | Elf:3    | Identified the ring of Fuyprog {Int+5 Dex+2 Slay+3 SInv}
 34695 | Elf:3    | Identified the ring "Ohulihai" {+Blink MR+ Dex+2}
 34807 | Elf:3    | Identified the cursed +1 longbow of the Warrior {freeze,
                  | Str+3}
 34831 | Elf:3    | Identified the Guide on Evil Arts and Creation
 34834 | Elf:3    | Identified the cursed +1 ring mail of the End {+Fly MP+9}
 34873 | Elf:3    | Identified the +7 hand crossbow of the Protecting Oracle
                  | {speed, MR+ Int+3}
 34887 | Elf:3    | Identified Bayph's Disquisition on the Ashen Entourage
 34972 | Elf:3    | Learned a level 5 spell: Bolt of Draining
 36165 | Spider:3 | Reached XP level 19. HP: 112/112 MP: 39/39
 36173 | Spider:3 | Found a one-way gate to the infinite horrors of the Abyss.
 36174 | Spider:3 | Found a corrupted altar of Lugonu.
 37031 | Spider:3 | Got a gossamer rune of Zot
 37491 | D:12     | Reached skill level 17 in Spellcasting
 37495 | Vaults:1 | Entered Level 1 of the Vaults
 38981 | Vaults:1 | Gained mutation: Your movements are significantly less
                  | encumbered by armour. (ER -6) [Skeleton growth]
 38981 | Vaults:1 | Reached XP level 20. HP: 114/121 MP: 41/41
 39654 | Vaults:2 | Reached skill level 10 in Evocations
 40108 | Vaults:2 | Found a staircase to the Crypt.
 41063 | Vaults:2 | Found Umim's Weapon Emporium.
 41332 | Vaults:3 | Entered Level 3 of the Vaults
 41340 | Vaults:3 | Reached skill level 18 in Spellcasting
 42102 | Vaults:3 | Reached XP level 21. HP: 84/128 MP: 36/43
 42198 | Vaults:3 | Reached skill level 15 in Armour
 42287 | Vaults:3 | Reached skill level 5 in Stealth
 42298 | Vaults:3 | Identified the +2 robe "Yptur" {Str+3}
 42373 | Vaults:3 | Reached skill level 10 in Fire Magic
 42373 | Vaults:3 | Identified the +5 hand axe "Umaer" {venom, rC++ rN+ Str-4
                  | SInv}
 42383 | Vaults:3 | Slain by a deep elf knight

Skill      XL: |  1  2  3  4  5  6  7  8  9 10 11 12 13 14 15 16 17 18 19 20 21 |
---------------+----------------------------------------------------------------+-----
Armour         | 1 2 4 6 7 9 10 11 12 13 14 15 | 15.1
Spellcasting   | 1 2 3 4 5 6 7 8 10 11 13 14 15 16 17 18 | 18.3
Long Blades    | 1 2 |  2.0
Fighting       | 2 3 4 5 6 7 8 9 10 11 12 | 12.7
Shields        | 1 2 3 4 5 7 8 9 10 11 12 13 14 | 14.3
Evocations     | 1 2 3 4 5 6 7 8 9 10 | 10.5
Staves         | 1 2 4 5 7 8 10 11 12 13 14 | 14.5
Dodging        | 4 5 6 7 8 9 10 11 12 | 12.3
Stealth        | 4 5 |  5.2
Invocations    | 1 2 3 4 5 6 7 8 9 |  9.8
Necromancy     | 2 3 5 6 7 8 |  8.3
Conjurations   | 2 4 6 8 9 11 12 13 14 | 14.6
Fire Magic     | 2 3 5 7 8 9 10 | 10.0
Polearms       | 3 4 6 7 8 9 |  9.2
Maces & Flails | |  1.8
Throwing       | |  0.6

Action                   |  1- 3 |  4- 6 |  7- 9 | 10-12 | 13-15 | 16-18 | 19-21 || total
-------------------------+-------+-------+-------+-------+-------+-------+-------++-------
Melee: Whip              |    20 |       |       |       |       |       |       ||    20
       Falchion          |   198 |    38 |       |       |       |       |       ||   236
       Spear             |     2 |       |       |       |       |       |       ||     2
       Morningstar       |       |     2 |       |       |       |       |       ||     2
       Staff             |       |    86 |   355 |   782 |   757 |   284 |    78 ||  2342
       Lajatang          |       |       |       |       |       |    10 |   613 ||   623
 Fire: Blowgun           |    39 |    57 |       |       |       |       |       ||    96
Throw: Tomahawk          |       |       |       |     3 |     4 |       |       ||     7
       Javelin           |       |       |       |       |       |    25 |     1 ||    26
 Cast: Vampiric Draining |       |       |       |     4 |    54 |    26 |     4 ||    88
       Magic Dart        |       |       |       |     3 |    19 |       |       ||    22
       Searing Ray       |       |       |       |     3 |    10 |     3 |     1 ||    17
       Iskenderun's Myst |       |       |       |       |   528 |   683 |   244 ||  1455
       Fireball          |       |       |       |       |     7 |   209 |    30 ||   246
       Bolt of Draining  |       |       |       |       |       |       |    40 ||    40
Invok: Step From Time    |       |       |       |       |       |     1 |       ||     1
Evoke: Staff of Wucad Mu |       |       |       |     3 |     5 |       |       ||     8
       Phial of floods   |       |       |       |     1 |     2 |     5 |     2 ||    10
       Lamp of fire      |       |       |       |       |     3 |     6 |     1 ||    10
       Wand              |       |       |       |       |     2 |       |       ||     2
       Lightning rod     |       |       |       |       |       |     7 |       ||     7
  Use: Scroll            |     1 |     1 |    13 |     8 |     6 |    14 |     3 ||    46
 Stab: Sleeping          |     2 |       |       |       |     2 |     1 |     2 ||     7
       Distracted        |       |       |       |     1 |     1 |     4 |    17 ||    23
       Confused          |       |       |       |       |     1 |       |       ||     1
Armor: Robe              |     9 |       |       |       |       |       |       ||     9
       Chain mail        |   154 |   101 |   191 |   336 |   552 |   482 |   355 ||  2171
Dodge: Dodged            |    95 |    46 |   141 |   433 |   859 |   725 |   956 ||  3255
Block: Buckler           |    33 |    23 |    67 |   242 |   523 |   392 |    68 ||  1348
       Reflection        |       |       |       |       |    17 |    44 |       ||    61
